 Dungeon Crawl Stone Soup version 0.29-a0-330-g52719c12eb (webtiles) character file.

Game seed: 1852676230058374005

30 jmlagarto the Vexing (level 3, -1/28 HPs)
             Began as a Gnoll Arcane Marksman on Apr 12, 2022.
             Was a Follower of Uskayaw.
             Killed from afar by Sigmund (11 damage)
             ... with a puff of flame
             ... on level 2 of the Dungeon.
             The game lasted 00:01:50 (853 turns).

jmlagarto the Vexing (Gnoll Arcane Marksman)         Turns: 853, Time: 00:01:51

Health: -1/28      AC:  3    Str:  9    XL:     3   Next: 20%
Magic:  0/7        EV: 13    Int: 12    God:    Uskayaw [*.....]
Gold:   132        SH:  0    Dex: 14    Spells: 6/7 levels left

rFire   . . .      SeeInvis .   a - +0 shortbow
rCold   . . .      Faith    .   (shield currently unavailable)
rNeg    . . .      Spirit   .   k - +0 leather armour
rPois   .          Reflect  .   (no helmet)
rElec   .          Harm     .   (no cloak)
rCorr   .          Rampage  .   (no gloves)
Will    .....                   (no boots)
Stlth   +.........              (no amulet)
HPRegen 0.09/turn               (no ring)
MPRegen 0.10/turn               (no ring)

@: no status effects
A: fangs 1, strong nose, distributed training
a: Renounce Religion, Stomp


You were on level 2 of the Dungeon.
You worshipped Uskayaw.
Uskayaw was noncommittal.
You visited 1 branch of the dungeon, and saw 2 of its levels.

You collected 132 gold pieces.

Inventory:

Hand Weapons
 a - a +0 shortbow (weapon)
 d - a +0 war axe
Armour
 b - a +0 robe
 k - a +0 leather armour (worn)
Jewellery
 p - a ring of flight
Scrolls
 c - a scroll of vulnerability
 e - a scroll of fear
 g - a scroll of amnesia {unknown}
 h - a scroll of identify
 i - 2 scrolls of torment {unknown}
 j - a scroll of immolation {unknown}
 l - a scroll of summoning {unknown}
 m - 2 scrolls of magic mapping {unknown}
Potions
 f - a potion of ambrosia {unknown}
 n - 2 potions of attraction {unknown}
 o - 2 potions of mutation {unknown}


   Skills:
 + Level 2.5 Fighting
 + Level 0.6 Short Blades
 + Level 0.6 Long Blades
 + Level 0.6 Axes
 + Level 0.6 Maces & Flails
 + Level 0.6 Polearms
 + Level 0.6 Staves
 + Level 0.6 Slings
 + Level 4.5 Bows
 + Level 0.6 Crossbows
 + Level 0.6 Throwing
 + Level 0.6 Armour
 + Level 4.5 Dodging
 + Level 0.6 Stealth
 + Level 0.6 Shields
 + Level 0.6 Unarmed Combat
 + Level 2.8 Spellcasting
 + Level 0.4 Conjurations
 + Level 5.4 Hexes
 + Level 0.4 Summonings
 + Level 0.4 Necromancy
 + Level 0.4 Translocations
 + Level 0.4 Transmutations
 + Level 0.4 Fire Magic
 + Level 0.4 Ice Magic
 + Level 0.4 Air Magic
 + Level 0.4 Earth Magic
 + Level 0.4 Poison Magic
 + Level 0.8 Invocations
 + Level 0.6 Evocations


You had 6 spell levels left.
You knew the following spells:

 Your Spells              Type           Power      Damage    Failure   Level
a - Slow                  Hex            56%        N/A       3%          1

Your spell library contained the following spells:

 Spells                   Type           Power      Damage    Failure   Level
 Inner Flame              Hex/Fire       8%         N/A       30%         3
 Portal Projectile        Hex/Tloc       16%        N/A       30%         3
 Cause Fear               Hex            7%         N/A       36%         4
 Corpse Rot               Necr/Air       4%         N/A       38%         2
 Dispel Undead            Necr           2%         3d7       95%         4
 Death Channel            Necr           1%         N/A       100%        6


Dungeon Overview and Level Annotations

Branches:
Dungeon (2/15)

Altars:
Uskayaw

Annotations:
D:2 Sigmund


Innate Abilities, Weirdness & Mutations

You have very sharp teeth.
Your uncanny sense of smell can sniff out nearby items.
Your experience applies equally to all skills.


Message History

The arrow hits the goblin but does no damage.
You shoot an arrow. The arrow barely misses the goblin.
You shoot an arrow. The arrow barely misses the goblin.
You shoot an arrow. The arrow barely misses the goblin.
You shoot an arrow. The arrow hits the goblin.
You kill the goblin!
No target in view!
Things that are here:
a +0 dagger; a +0 leather armour Sigmund the Dreaded comes into view.
He is wielding a +0 antimagic scythe.
Sigmund shouts!
You hear a shout!
Sigmund gestures wildly while chanting.
Sigmund flickers and vanishes!
Deactivating autopickup; reactivate with Ctrl-A.
No target in view!
No target in view!
Shoot: a) +0 shortbow
Press: ? - help, Q - select action, (/) - cycle Shift-Dir - straight line You shoot an arrow.
Shoot: a) +0 shortbow
Press: ? - help, Q - select action, (/) - cycle Shift-Dir - straight line You shoot an arrow.
You are confused.
Non-targeted confused shoot: a) +0 shortbow
Press: ? - help, Q - select action, (/) - cycle Dir - look around, f - activate You shoot an arrow.
Unknown command.
Non-targeted confused shoot: a) +0 shortbow
Press: ? - help, Q - select action, (/) - cycle Dir - look around, f - activate You shoot an arrow.
Something hits you!
You feel your power leaking away.
You bump into the rock wall.
Something hits you.
You're too confused to move!
Something barely misses you.
You feel less confused.
A puff of flame appears from out of thin air!
The puff of flame hits you.
A puff of flame appears from out of thin air!
The puff of flame hits you!
You die...

#.# #### ##.####.#...
#........#.# #..# ...#
#######..#####.#.#
#........{...#.#.####
#..............#.#..
#...########..##.#.# #..##
#..@.<.#.## #..#
#.........#.##
####..########.............>
.......................#.###
.###..##...).............#
.###..##..#####......)####
.....>##..# #.#######
.....###..#####.#
................#


There were no monsters in sight!

Vanquished Creatures
  A dart slug (D:1)
  An endoplasm (D:1)
  5 goblins
  7 hobgoblins (D:1)
  2 kobolds
  4 ball pythons
  3 bats
  A frilled lizard (D:1)
  A rat (D:1)
25 creatures vanquished.

Notes
Turn   | Place    | Note
-------+----------+-------------------------------------------
     0 | D:1      | jmlagarto the Gnoll Arcane Marksman began the quest for the
                  | Orb.
     0 | D:1      | Reached XP level 1. HP: 17/17 MP: 4/4
   139 | D:1      | Reached XP level 2. HP: 23/23 MP: 5/5
   424 | D:1      | Reached XP level 3. HP: 28/28 MP: 7/7
   752 | D:2      | Found a faded altar of an unknown god.
   770 | D:2      | Prayed at the altar of an unknown god.
   770 | D:2      | Became a worshipper of Uskayaw the Reveller
   770 | D:2      | Reached * piety under Uskayaw
   840 | D:2      | Noticed Sigmund
   853 | D:2      | Killed from afar by Sigmund

Illustrated notes

Levels and vault maps discovered:
D:1:      amcnicky_arrival_wind_blow, layout_rooms
D:2:      layout_loops_ring, hellmonk_ecumenical_altar_run_dry, moated_statue,
          uniq_sigmund, uniq_crazy_yiuf_cottage

Action                   || total
-------------------------++-------
 Fire: Shortbow          ||    74
 Cast: Slow              ||     3
  Use: Scroll            ||     1
Armor: Robe              ||     2
       Leather armour    ||     7
Dodge: Dodged            ||    11

Table legend: (Time is in decaauts)
 A = Elapsed time spent in this place.
 B = Non-inter-level travel time spent in this place.
 C = Inter-level travel time spent in this place.
 D = Time resting spent in this place.
 E = Time spent auto-exploring this place.
 F = Levels seen in this place.
 G = Mean time per level.
                   A        B        C        D        E       F      G
               +--------+--------+--------+--------+--------+-----+--------+
         Total |    876 |    838 |     38 |      0 |    647 |   2 |  438.0 |
       Dungeon |    876 |    838 |     38 |      0 |    647 |   2 |  438.0 |
               +--------+--------+--------+--------+--------+-----+--------+

Top non-repeatable levels by time:
     D:1: 635 daAuts
     D:2: 240 daAuts
